 Dungeon Crawl Stone Soup version 0.25.0-11-g1f837a76a1 (webtiles) character file.

Game seed: 9657044540896191205

11134 xccam the Slicer (level 11, -6/66 HPs)
             Began as a Tengu Assassin on June 25, 2020.
             Was a Believer of Vehumet.
             Mangled by a brown ugly thing (11 damage)
             ... on level 11 of the Dungeon.
             The game lasted 00:25:50 (14343 turns).

xccam the Slicer (Tengu Assassin)                  Turns: 14343, Time: 00:25:51

Health: -6/66      AC:  3    Str: 11    XL:     11   Next: 73%
Magic:  16/16      EV: 20    Int: 15    God:    Vehumet [**....]
Gold:   514        SH:  7    Dex: 16    Spells: 13/16 levels left

rFire    . . .     SeeInvis .   a - +2 dagger
rCold    . . .     Gourm    .   K - +2 buckler
rNeg     . . .     Faith    .   y - +0 scale mail
rPois    +         Spirit   .   (helmet restricted)
rElec    .         Reflect  .   c - +0 cloak
rCorr    .         Harm     .   M - +0 pair of gloves
MR       .....                  (boots unavailable)
Stlth    +.........             (no amulet)
HPRegen  0.21/turn              h - +4 ring of evasion
MPRegen  0.15/turn              r - ring of poison resistance

@: corroded, flying quickly and evasively, quick
A: beak, talons 3, able to fly
a: Stop Flying, Renounce Religion


You were on level 11 of the Dungeon.
You worshipped Vehumet.
Vehumet was pleased with you.
You were not hungry.

You visited 2 branches of the dungeon, and saw 13 of its levels.
You also visited: Ossuary.

You collected 514 gold pieces.

Inventory:

Hand Weapons
 a - a +2 dagger (weapon)
 I - a +1 demon blade of venom
Missiles
 d - 13 poisoned darts (quivered)
 e - 2 curare-tipped darts
 x - 6 atropa-tipped darts
Armour
 c - a +0 cloak (worn)
 y - a +0 scale mail (worn)
 K - a +2 buckler (worn)
 M - a +0 pair of gloves (worn)
Jewellery
 h - a +4 ring of evasion (left hand)
 r - a ring of poison resistance (right hand)
 E - an uncursed ring of ice
 H - an uncursed ring of protection from magic {unknown}
Wands
 i - a wand of enslavement (3)
Scrolls
 b - a scroll of enchant weapon {unknown}
 g - 3 scrolls of magic mapping {unknown}
 j - 10 scrolls of remove curse
 l - 2 scrolls of blinking {unknown}
 m - 2 scrolls of enchant armour {unknown}
 p - 3 scrolls of noise {unknown}
 u - 2 scrolls of fear {unknown}
 v - 2 scrolls of amnesia {unknown}
 A - 4 scrolls of teleportation {unknown}
 C - a scroll of fog {unknown}
 D - 2 scrolls of immolation {unknown}
Potions
 k - 2 potions of stabbing
 n - a potion of lignification
 o - 3 potions of haste
 q - 12 potions of curing
 s - a potion of magic
 t - 5 potions of heal wounds
 w - 3 potions of berserk rage
 z - a potion of brilliance
 B - 2 potions of cancellation
 F - a potion of resistance {unknown}
 G - 2 potions of ambrosia
 J - a potion of invisibility
Comestibles
 f - 23 rations
 L - 3 chunks of flesh


   Skills:
 - Level 6.5 Fighting
 - Level 10.0 Short Blades
 - Level 6.0 Throwing
 - Level 8.5 Armour
 - Level 9.7 Dodging
 - Level 4.0 Stealth
 + Level 2.8 Shields
 - Level 3.0 Spellcasting
 + Level 1.8 Conjurations
 - Level 4.0 Ice Magic


You had 13 spell levels left.
You knew the following spells:

 Your Spells              Type           Power        Failure   Level  Hunger
a - Freeze                Ice            ##..         21%         1    #......
b - Searing Ray           Conj           #.....       58%         2    ##.....

Your spell library contained the following spells:

 Spells                   Type           Power        Failure   Level  Hunger
 Apportation              Tloc           #.....       71%         1    #......
 Beastly Appendage        Tmut           #.....       71%         1    #......
 Summon Butterflies       Summ           #.......     71%         1    #......
 Sticks to Snakes         Tmut           #.......     83%         2    ##.....
 Lesser Beckoning         Tloc           #.........   97%         3    ###....
 Spider Form              Tmut/Pois      #.........   97%         3    ###....
 Tukima's Dance           Hex            #.......     97%         3    ###....
 Ice Form                 Ice/Tmut       #.......     99%         4    #####..
 Alistair's Intoxication  Tmut/Pois      #.......     100%        5    ######.
 Blade Hands              Tmut           #.........   100%        5    ######.
 Invisibility             Hex            #.......     100%        6    #######


Dungeon Overview and Level Annotations

Branches:
Dungeon (12/15)            Temple (1/1) D:7            Lair (0/6) D:11
    Orc (0/2) D:9         Ossuary (visited)

Altars:
Ashenzari
Cheibriados
Dithmenos
Elyvilon
Fedhas
Gozag
Hepliaklqana
Kikubaaqudgha
Makhleb
Nemelex Xobeh
Okawaru
Qazlal
Ru
Sif Muna
Trog
Uskayaw
Vehumet
Wu Jian
Xom
Yredelemnul
Zin
The Shining One

Annotations:
D:5 3 runed translucent doors, raith's ghost, novice DsFi
D:7 2 transporters, Esekla's ghost, novice VSNe
D:12 Jorgrun


Innate Abilities, Weirdness & Mutations

You have a beak for a mouth.
You have claws for feet.
You can fly continuously.


Message History

Evoke which item? (* to show all) (? for menu, Esc to quit)
Aiming: Enslavement
Press: ? - help, Shift-Dir - straight line, f/p - brown ugly thing
Aim: a brown ugly thing (heavily wounded, very poisoned, chance to defeat MR: 28%)
The brown ugly thing easily resists.
The brown ugly thing stings you! The acid corrodes you!
You are splashed with acid!
Evoke which item? (* to show all) (? for menu, Esc to quit)
Aiming: Enslavement
Press: ? - help, Shift-Dir - straight line, f/p - brown ugly thing
Aim: a brown ugly thing (moderately wounded, very poisoned, chance to defeat MR: 28%)
The brown ugly thing easily resists.
The brown ugly thing stings you!
* * * LOW HITPOINT WARNING * * *
You are splashed with acid!
* * * LOW HITPOINT WARNING * * *
Evoke which item? (* to show all) (? for menu, Esc to quit)
Aiming: Enslavement
Press: ? - help, Shift-Dir - straight line, f/p - brown ugly thing
Aim: a brown ugly thing (moderately wounded, very poisoned, chance to defeat MR: 28%)
The brown ugly thing easily resists.
The brown ugly thing stings you!
You die...

#........##.######
#≈...............#
##≈.######.#####>#
.#..## #.# #.#
.'≈..### #.# #.#
.#.....###.#####.#####
##≈..#......)........#
#≈.#...###.#####u###.#
#.##.#.###.# #@# #.#
#.#.###.##.# ##.###.##
#..## ##...# #..##...#
#.#.###.#####
#.###...#
#....#......# #.#
#...# #####.#####.#
#.# ##.##
#####.#####.# #.# #.#
......).....# #.# #.#
####...###..# #.# #.#


You could see a brown ugly thing (very poisoned).

Vanquished Creatures
  4 two-headed ogres
  A gargoyle (D:11)
  A troll (D:8)
  A slime creature (D:11)
  2 hippogriffs
  A wyvern (D:9)
  A wraith (D:11)
  6 yaks
  2 hungry ghosts
  2 water moccasins (D:11)
  2 orc warriors (D:7)
  3 ice beasts
  A hornet zombie (D:8)
  An eye of draining (D:10)
  2 phantoms (D:10)
  A necrophage (D:8)
  4 sky beasts
  5 ogres
  7 centaurs
  8 bullfrogs
  9 scorpions
  3 killer bees
  8 wights
  2 howler monkeys
  5 jellies
  12 crimson imps
  3 centaur zombies
  2 orc priests
  5 hounds
  2 human zombies (Ossuary)
  Jessica (D:3)
  A bullfrog skeleton (D:7)
  8 orc wizards
  10 worker ants
  A big kobold zombie (Ossuary)
  3 mummies (Ossuary)
  2 hound skeletons
  2 worker ant zombies
  11 adders
  3 scorpion zombies (Ossuary)
  2 shadow imps
  6 oozes
  3 adder skeletons
  2 worms
  2 dart slugs (D:1)
  2 leopard geckos
  23 orcs
  4 giant cockroaches
  A gnoll zombie (Ossuary)
  15 goblins
  5 hobgoblins
  2 jackals (D:5)
  3 quokkas
  8 bats
  7 frilled lizards
  2 goblin zombies (Ossuary)
  3 hobgoblin zombies (Ossuary)
  6 kobolds
  2 leopard gecko skeletons (D:5)
  4 orc zombies (Ossuary)
  2 quokka zombies
  13 rats
265 creatures vanquished.

Vanquished Creatures (collateral kills)
  A hungry ghost (D:11)
1 creature vanquished.

Vanquished Creatures (others)
  A yak (D:10)
  2 scorpions (Ossuary)
  A goblin zombie (Ossuary)
  6 plants (D:7)
10 creatures vanquished.

Grand Total: 276 creatures vanquished

Notes
Turn   | Place    | Note
-------+----------+-------------------------------------------
     0 | D:1      | xccam the Tengu Assassin began the quest for the Orb.
     0 | D:1      | Reached XP level 1. HP: 12/12 MP: 2/2
   132 | D:1      | Reached skill level 3 in Short Blades
   132 | D:1      | Reached XP level 2. HP: 17/17 MP: 3/3
   280 | D:1      | Reached XP level 3. HP: 20/21 MP: 4/4
   752 | D:2      | Reached skill level 4 in Short Blades
  1007 | D:2      | Reached XP level 4. HP: 14/26 MP: 5/5
  1383 | D:2      | Reached skill level 5 in Short Blades
  1698 | D:3      | Noticed Jessica
  1699 | D:3      | Killed Jessica
  1714 | D:3      | Gained mutation: You can fly continuously. [Tengu growth]
  1714 | D:3      | Reached XP level 5. HP: 24/30 MP: 6/6
  1869 | D:3      | Found an opulent altar of Gozag.
  1894 | D:3      | Reached skill level 6 in Short Blades
  2007 | D:3      | Found a snail-covered altar of Cheibriados.
  2007 | D:3      | Found a bloodstained altar of Trog.
  2010 | D:3      | Found a hide-covered altar of Uskayaw.
  2239 | D:3      | Noticed an ogre
  2253 | D:3      | Killed an ogre
  2253 | D:3      | Reached skill level 1 in Armour
  2253 | D:3      | Reached XP level 6. HP: 18/35 MP: 7/7
  3144 | D:4      | Found an iron altar of Okawaru.
  3276 | D:4      | Reached XP level 7. HP: 34/40 MP: 8/8
  3468 | D:5      | Entered Level 5 of the Dungeon
  3871 | D:5      | Found a runed translucent gate.
  3871 | D:5      | Found a runed translucent gate.
  3871 | D:5      | Found a runed translucent gate.
  3878 | D:5      | Noticed raith's ghost (novice DsFi)
  3915 | D:5      | Reached skill level 7 in Short Blades
  4414 | D:6      | Found a snail-covered altar of Cheibriados.
  4428 | D:6      | Reached XP level 8. HP: 44/44 MP: 9/9
  4591 | D:6      | Found a shadowy altar of Dithmenos.
  4780 | D:6      | Found a blossoming altar of Fedhas.
  5162 | D:6      | Found a bloodstained altar of Trog.
  5239 | D:7      | Reached skill level 5 in Throwing
  5239 | D:7      | Reached skill level 5 in Dodging
  5252 | D:7      | Reached skill level 8 in Short Blades
  5401 | D:7      | Reached skill level 5 in Armour
  5401 | D:7      | Reached XP level 9. HP: 48/48 MP: 10/10
  5510 | D:7      | Found a transporter.
  5511 | D:7      | Found a transporter.
  5530 | D:7      | Found a staircase to the Ecumenical Temple.
  5535 | Temple   | Entered the Ecumenical Temple
  5911 | D:7      | Noticed Esekla's ghost (novice VSNe)
  6169 | D:7      | Identified the cursed +2 trident of the Inferno {elec, rF+
                  | rN+ Str+7}
  6169 | D:7      | Identified the cursed -6 buckler of Space {rC+}
  6617 | D:8      | Reached skill level 9 in Short Blades
  7068 | D:8      | Found a radiant altar of Vehumet.
  7081 | D:8      | Became a worshipper of Vehumet
  7096 | D:8      | Found a sand-covered staircase.
  7102 | Ossuary  | Entered an ossuary
  7511 | Ossuary  | Reached skill level 10 in Short Blades
  7931 | Ossuary  | Reached * piety under Vehumet
  7931 | Ossuary  | Offered knowledge of Sandblast by Vehumet.
  7931 | Ossuary  | Reached XP level 10. HP: 30/55 MP: 11/11
  8435 | D:8      | Noticed a two-headed ogre
  8478 | D:8      | Killed a two-headed ogre
  9670 | D:8      | Found an ornate altar of the Wu Jian Council.
  9802 | D:9      | Found a hide-covered altar of Uskayaw.
  9954 | D:9      | Noticed a two-headed ogre
  9994 | D:9      | Killed a two-headed ogre
  9994 | D:9      | Reached skill level 5 in Fighting
 10570 | D:9      | Found a staircase to the Orcish Mines.
 10900 | D:10     | Entered Level 10 of the Dungeon
 11109 | D:10     | Reached XP level 11. HP: 64/64 MP: 12/12
 11243 | D:10     | Offered knowledge of Freeze by Vehumet.
 11271 | D:10     | Reached ** piety under Vehumet
 11632 | D:10     | Learned a level 1 spell: Freeze
 11823 | D:10     | Found a glowing silver altar of Zin.
 12142 | D:10     | Reached skill level 1 in Spellcasting
 12142 | D:10     | Reached skill level 1 in Ice Magic
 12483 | D:11     | Noticed a two-headed ogre
 12504 | D:11     | Killed a two-headed ogre
 12558 | D:11     | Noticed a two-headed ogre
 12601 | D:11     | Killed a two-headed ogre
 13637 | D:11     | Offered knowledge of Searing Ray by Vehumet.
 13637 | D:11     | Reached skill level 1 in Shields
 13653 | D:11     | Found a staircase to the Lair.
 13698 | D:11     | Learned a level 2 spell: Searing Ray
 13810 | D:11     | Reached skill level 1 in Conjurations
 14314 | D:12     | Noticed a brown ugly thing
 14319 | D:12     | Noticed Jorgrun
 14343 | D:11     | Mangled by a brown ugly thing

Illustrated notes

Levels and vault maps discovered:
D:1:      dpeg_arrival_ratfight, layout_basic, minmay_pentomino_w4
D:2:      layout_loops_ring, due_unseen_surprise
D:3:      layout_rooms, minitemple, serial_bayou_lagoon_b, uniq_jessica
D:4:      layout_cave_pools, first_ration, kennysheep_okawaru_gauntlet
D:5:      layout_loops_ring, gammafunk_ghost_necromancy
D:6:      layout_loops_ring, lemuel_doored_altar,
          nicolae_dithmenos_shadow_blocks, basic_altar, minmay_misc_feat_alley,
          st_stairs_14, trog_book
D:7:      layout_rooms, temple_doors_ab, gammafunk_ghost_gnarly_gnolls
D:8:      layout_gridville, vehumet_crystals, lemuel_round_altar, serial_glass,
          glass_columns_a, glass_columns_a, glass_columns_b,
          nicolae_ossuary_entry_plus
D:9:      layout_loops_corners, basic_altar
D:10:     layout_irregular_city, basic_altar
D:11:     layout_loops_ring, lair_entry_dummy, hangedman_little_slice_of_home
D:12:     layout_rooms, minmay_misc_feat_columns, uniq_jorgrun
Temple:   jpeg_temple_clearing

Skill      XL: |  1  2  3  4  5  6  7  8  9 10 11 |
---------------+----------------------------------+-----
Short Blades   | 3 4 5 6 7 8 10 | 10.0
Armour         | 1 2 3 5 7 8 |  8.5
Dodging        | 2 3 5 7 9 |  9.7
Throwing       | 3 4 5 6 |  6.0
Fighting       | 5 6 |  6.5
Spellcasting   | 3 |  3.0
Ice Magic      | 4 |  4.0
Shields        | 2 |  2.8
Conjurations   | 1 |  1.8
Stealth        | |  4.0

Action                   |  1- 3 |  4- 6 |  7- 9 | 10-12 || total
-------------------------+-------+-------+-------+-------++-------
Melee: Dagger            |    77 |   183 |   642 |   753 ||  1655
       Kick              |    16 |    44 |   194 |   229 ||   483
       Peck              |    10 |    28 |   128 |   148 ||   314
Throw: Dart              |       |     3 |    18 |    73 ||    94
 Cast: Freeze            |       |       |       |     2 ||     2
 Abil: Fly               |       |     1 |       |       ||     1
Evoke: Wand              |       |       |       |    10 ||    10
  Use: Scroll            |       |       |       |    12 ||    12
       Potion            |       |       |       |     5 ||     5
 Stab: Sleeping          |     7 |     7 |     1 |     1 ||    16
       Distracted        |       |     1 |       |       ||     1
       Invisible         |       |       |       |     2 ||     2
       Betrayed ally     |       |       |       |     1 ||     1
  Eat: Chunk             |       |     7 |    14 |    13 ||    34
       Ration            |       |       |     1 |     2 ||     3
Armor: Robe              |    11 |     5 |       |       ||    16
       Scale mail        |       |    28 |    96 |    77 ||   201
Dodge: Dodged            |    47 |    94 |   329 |   377 ||   847
Block: Buckler           |       |       |       |    25 ||    25
